 Dungeon Sprint DCSS version 0.19.5 (webtiles) character file.

73792 equalderp2856 the Eviscerator (level 14, -17/68 HPs)
             Began as a Felid Fighter on Mar 10, 2017.
             Was an Initiate of Gozag.
             Killed from afar by Cerebov (37 damage)
             ... with a great blast of fire
             ... in the Dungeon (Sprint VII: "The Pits").
             The game lasted 01:00:09 (11192 turns).

equalderp2856 the Eviscerator (Felid Fighter)      Turns: 11192, Time: 01:00:10

Health: -17/68     AC:  9    Str: 18    XL:     14   Next: 2%
Magic:  0/32       EV: 38    Int: 11    God:    Gozag
Gold:   10218      SH:  0    Dex: 18    Spells: 1 memorised, 34 levels left
                                        Lives:  0   Deaths: 4

rFire  . . .     SeeInvis +       - Unarmed
rCold  . . .     Gourm    .     (armour unavailable)
rNeg   . . .     Faith    .     (shield unavailable)
rPois  .         Spirit   +     (helmet unavailable)
rElec  .         Reflect  .     (cloak unavailable)
rCorr  .         Harm     .     (gloves unavailable)
MR     ++...     NoTele   +     (boots unavailable)
Stlth  +++++++++.               B - amulet of Temptation {Spirit rC- Str+5 Stlth+}
                                n - +3 ring of protection
                                m - +3 ring of protection

@: very slightly contaminated, studying Fighting, bribing [the Dungeon], quick
A: no armour, no weapons or thrown items, stealth, claws 1, fangs 3, see
invisible, carnivore 3, speed 1, shaggy fur 3, slow metabolism 1, sharp paws
a: Potion Petition, Call Merchant, Bribe Branch, Renounce Religion
}: 2/15 runes: silver, golden


You were in the Dungeon.
You worshipped Gozag.
Gozag was extremely pleased with you.
You were not hungry.

You visited 1 branch You collected 54849 gold pieces.
You spent 902 gold pieces at shops.
You paid 43729 gold pieces to Gozag.

Inventory:

Jewellery
 c - the ring of the Bull {rF++ rC+ Dex-2}
   (You found it in the Dungeon)

   [ring of protection from cold]

   It affects your dexterity (-2).
   It greatly protects you from fire.
   It protects you from cold.
 h - an uncursed ring of protection from fire
 l - a +4 amulet of reflection
 m - a +3 ring of protection (left paw)
 n - a +3 ring of protection (right paw)
 u - the amulet of Tempters {Gourm rPois Stlth+}
   (You found it in the Dungeon)

   [amulet of the gourmand]

   It allows you to eat raw meat even when not hungry.
   It protects you from poison.
   It makes you more stealthy.
 v - the amulet "Qecit" {-Tele +Rage Str+5 SInv}
   (You found it in the Dungeon)

   [amulet of rage]

   It affects your strength (+5).
   It lets you see invisible.
   It lets you go berserk.
   It prevents most forms of teleportation.
 w - the amulet of Vehumet's Hope {Faith Str+2}
   (You found it in the Dungeon)

   [amulet of faith]

   It allows you to gain divine favour quickly.
   It affects your strength (+2).
 A - the ring "Gaosch" {*Contam +Fly Dex+9 Slay+2 Stlth-}
   (You found it in the Dungeon)

   [ring of slaying]

   It affects your dexterity (+9).
   It affects your accuracy and damage with ranged weapons and melee attacks
   (+2).
   It lets you fly.
   It causes magical contamination when unequipped.
   It makes you less stealthy.
 B - the amulet of Temptation (around neck) {Spirit rC- Str+5 Stlth+}
   (You found it in the Dungeon)

   [amulet of guardian spirit]

   It causes incoming damage to be split between your health and magic.
   It affects your strength (+5).
   It makes you vulnerable to cold.
   It makes you more stealthy.
 H - an uncursed ring of protection from fire
 I - the ring of the Four Planets {rPois rF+ MR+ Int-2 Stlth+}
   (You found it in the Dungeon)

   [ring of protection from magic]

   It affects your intelligence (-2).
   It protects you from fire.
   It protects you from poison.
   It affects your resistance to hostile enchantments.
   It makes you more stealthy.
 L - the cursed ring "Otifig Fosa" {EV-3 Int+7}
   (You took it off a deep elf mage in the Dungeon)

   [ring of evasion]

   It affects your evasion (-3).
   It affects your intelligence (+7).
   It has a curse placed upon it.
 O - an uncursed ring of stealth
 S - a +3 ring of evasion
 T - the ring of Tinkastrutsi {+Fly rF+ Dex+3}
   (You found it in the Dungeon)

   [ring of flight]

   It affects your dexterity (+3).
   It protects you from fire.
   It lets you fly.
 W - a +1 ring of evasion
 Y - an uncursed ring of ice
Wands
 q - a wand of slowing (19/48)
 r - a wand of disintegration (15/24)
 s - a wand of heal wounds (5/9)
 t - a wand of hasting (5/9)
 U - a wand of flame (23/48)
Scrolls
 j - 9 scrolls of remove curse
 k - 5 scrolls of amnesia
 y - 11 scrolls of identify
 E - 2 scrolls of fear
 F - 3 scrolls of fog
 G - 2 scrolls of magic mapping
 K - 2 scrolls of recharging
 V - a scroll of holy word
Potions
 a - a potion of might
 f - 4 potions of magic
 g - 8 potions of berserk rage
 i - a potion of invisibility
 o - 8 potions of cure mutation
 p - 6 potions of brilliance
 x - a potion of ambrosia
 D - 8 potions of agility
Books
 J - the Compendium of Augmentations and Conjuration
   (You bought it in a shop in the Dungeon)

   Spells                             Type                      Level
   a - Flame Tongue                   Conjuration/Fire             1
   b - Shroud of Golubria             Charms/Translocation         2
   c - Regeneration                   Charms/Necromancy            3
   d - Static Discharge               Conjuration/Air              3
   e - Venom Bolt                     Conjuration/Poison           5
   f - Iron Shot                      Conjuration/Earth            6
 N - a manual of Fighting
 P - the Handbook of Torrid Combat Magic
   (You found it in the Dungeon)

   Spells                             Type                      Level
   a - Sting                          Conjuration/Poison           1
   b - Throw Flame                    Conjuration/Fire             2
   c - Conjure Flame                  Conjuration/Fire             3
   d - Stone Arrow                    Conjuration/Earth            3
   e - Sticky Flame                   Conjuration/Fire             4
   f - Spellforged Servitor           Conjuration/Summoning        7
 Q - a book of Power

   Spells                             Type                      Level
   a - Fulminant Prism                Conjuration/Hexes            4
   b - Iskenderun's Mystic Blast      Conjuration                  4
   c - Venom Bolt                     Conjuration/Poison           5
   d - Bolt of Magma                  Conjuration/Fire/Earth       5
   e - Iron Shot                      Conjuration/Earth            6
   f - Orb of Destruction             Conjuration                  7
   g - Spellforged Servitor           Conjuration/Summoning        7
 R - a book of Air

   Spells                             Type                      Level
   a - Shock                          Conjuration/Air              1
   b - Swiftness                      Charms/Air                   2
   c - Repel Missiles                 Charms/Air                   2
   d - Static Discharge               Conjuration/Air              3
   e - Lightning Bolt                 Conjuration/Air              5
 X - the Collected Works on Earthen Snow
   (You found it in the Dungeon)

   Spells                             Type                      Level
   a - Ensorcelled Hibernation        Hexes/Ice                    2
   b - Ozocubu's Armour               Charms/Ice                   3
   c - Stone Arrow                    Conjuration/Earth            3
   d - Metabolic Englaciation         Hexes/Ice                    5
   e - Iron Shot                      Conjuration/Earth            6
 Z - A Beginning Course on Witchcraft
   (You found it in the Dungeon)

   Spells                             Type                      Level
   a - Magic Dart                     Conjuration                  1
   b - Flame Tongue                   Conjuration/Fire             1
   c - Corona                         Hexes                        1
   d - Freeze                         Ice                          1
   e - Animate Skeleton               Necromancy                   1
Comestibles
 b - 11 meat rations


   Skills:
 - Level 11.6 Fighting
 - Level 23.9 Dodging
 - Level 23.5 Stealth
 - Level 26.9 Unarmed Combat
 * Level 13.5 Spellcasting
 * Level 13.4 Conjurations
 * Level 13.4 Earth Magic


You had 34 spell levels left.
You knew the following spells:

 Your Spells              Type           Power        Failure   Level  Hunger
a - Iron Shot             Conj/Erth      #####.....   8%          6    ######.


Dungeon Overview and Level Annotations

Branches:
Dungeon (1/1)

Altars:
Ashenzari
Cheibriados
Dithmenos
Elyvilon
Fedhas
Gozag
Hepliaklqana
Kikubaaqudgha
Makhleb
Nemelex Xobeh
Okawaru
Qazlal
Ru
Sif Muna
Trog
Uskayaw
Vehumet
Xom
Yredelemnul
Zin
The Shining One
Beogh
Jiyva
Lugonu

Shops:
D **?:?=*

Annotations:
D Cerebov, Mnoleg


Innate Abilities, Weirdness & Mutations

You cannot wear armour.
You are incapable of wielding weapons or throwing items.
Your paws allow you to move quietly. (Stealth)
You have sharp claws.
You have razor-sharp teeth.
You have supernaturally acute eyesight. (SInv)
You are carnivorous and can eat meat at any time.
You cover ground quickly.
Your thick and shaggy fur keeps you warm. (AC +3, rC+)
You have a slow metabolism.
Your sharp claws are effective at attacking unaware monsters.


Message History

Your extra speed is starting to run out.
You feel yourself slow down.
You feel yourself speed up.
You see here a whip.
You are no longer corroded.
Cerebov shouts, "Relinquish hope, thou unhinged guts-griping blabberskite!"
There is a huge open gate to the Main Hall (Safe) here.
There is a huge open gate leading to the Armoury (Hard) here.
You see here a battleaxe of freezing.
You feel less exhausted.
Cerebov gestures.
Cerebov seems to speed up.
There is a huge open gate to the Steel Vault (Very Hard), spattered with blood here.
There is a huge open gate to the Steel Vault (Very Hard) here.
Cerebov gestures.
Cerebov gestures at you.
A raging storm of fire appears!
The great blast of fire engulfs you!
Ouch! That really hurt!
You die...
Your body crumbles into a pile of gold.

[####........####.[##............
)...####''####...|)##............
[......).[.....)...###...........
.......)##.)..)((..# ###.[.......
......))....(.....(# ##''######
}...####''####.[.))######''#####
)####...[....####.:##....1.....#
##......##...[..#####.&........#
.)..............@J.''..#..&.#..#
...................)'..........##
#####################..........##
#####################..#....#..##
...................''..........##
...................''..........##
.################..##..#...)#..##
.##.#.#.#}#.#.#.#..##......[..))'
.#.#.#.#.#[#.#.##..##......)...'(


You could see Cerebov and an azure jelly.

Vanquished Creatures
  A bone dragon (D)
  An electric golem (D)
  A lich (D)
  A titan (D)
  2 acid blobs (D)
  Gastronok (D)
  An azure jelly (D)
  2 storm dragons (D)
  An iron dragon (D)
  An emperor scorpion (D)
  A war gargoyle (D)
  A vampire knight (D)
  An ettin (D)
  A death ooze (D)
  A blizzard demon (D)
  An alligator snapping turtle (D)
  4 ogre magi (D)
  A spriggan (D)
  A sun demon (D)
  A hell knight (D)
  A death drake (D)
  2 unseen horrors (D)
  3 deep trolls (D)
  A lindwurm (D)
  4 hill giants (D)
  A necromancer (D)
  A spiny frog (D)
  A manticore (D)
  2 deep elf magi (D)
  A komodo dragon (D)
  2 cyclopes (D)
  A molten gargoyle (D)
  A smoke demon (D)
  An elephant (D)
  A yaktaur (D)
  2 demonic crawlers (D)
  2 guardian mummies (D)
  4 trolls (D)
  2 hellwings (D)
  A wandering mushroom (D)
  2 red devils (D)
  A hornet (D)
  A bog body (D)
  A flying skull (D)
  A shadow (D)
  2 redbacks (D)
  A small abomination (D)
  A hungry ghost (D)
  A warg (D)
  A soldier ant (D)
  2 hell hounds (D)
  A sky beast (D)
  A phantom (D)
  3 ogres (D)
  A necrophage (D)
  A big kobold (D)
  An earth elemental (D)
  3 wights (D)
  A crimson imp (D)
  A quasit (D)
  An orc priest (D)
  A gnoll shaman (D)
  An iguana (D)
  An iron imp (D)
  An orc wizard (D)
  A worker ant (D)
  An adder (D)
  4 gnolls (D)
  A river rat (D)
  3 oozes (D)
  A worm (D)
  A leopard gecko (D)
  7 orcs (D)
  A ball python (D)
  2 bat zombies (D)
  A hobgoblin (D)
  7 jackals (D)
  2 quokkas (D)
  A bat (D)
  A bat simulacrum (D)
  A giant cockroach zombie (D)
  A jackal simulacrum (D)
  4 kobolds (D)
  A rat (D)
132 creatures vanquished.

Vanquished Creatures (collateral kills)
  the Royal Jelly (D)
  2 ancient liches (D)
  Mennas (D)
  Mara (D)
  3 pandemonium lords (D)
  2 golden dragons (D)
  A bone dragon (D)
  A pearl dragon (D)
  A Tzitzimitl (D)
  3 electric golems (D)
  10 Orb Guardians (D)
  A deep elf master archer (D)
  4 quicksilver dragons (D)
  4 titans (D)
  A deep elf blademaster (D)
  4 acid blobs (D)
  A sphinx (D)
  A storm dragon (D)
  3 frost giants (D)
  4 fire giants (D)
  9 azure jellies (D)
  An angel (D)
  An orc warlord (D)
  A ghost moth (D)
  2 emperor scorpions (D)
  A balrug (D)
  4 stone giants (D)
  An ophan (D)
  A war gargoyle (D)
  An apis (D)
  A vampire knight (D)
  A deep elf annihilator (D)
  8 ettins (D)
  2 black draconians (D)
  A purple draconian (D)
  A deep elf death mage (D)
  2 mottled draconians (D)
  A red draconian (D)
  5 death oozes (D)
  A green death (D)
  A mummy priest (D)
  A merfolk impaler (D)
  A rakshasa (D)
  2 hell beasts (D)
  A merfolk avatar (D)
  A death knight (D)
  An orc knight (D)
  A death yak (D)
  A dancing weapon (D)
  2 hell knights (D)
  A deep elf knight (D)
  3 swamp dragons (D)
  A wizard (D)
  4 hill giants (D)
  A necromancer (D)
  A wolf spider (D)
  5 cyclopes (D)
  A black mamba (D)
  A rust devil (D)
  A water nymph (shapeshifter) (D)
  An eye of devastation (D)
  A naga mage (D)
  A yaktaur (D)
  A red devil (D)
  A komodo dragon (D)
  2 slime creatures (D)
  A two-headed ogre (D)
  An air elemental (D)
  3 redbacks (D)
  4 hell hounds (D)
  A necrophage (D)
  A small abomination (D)
  An adder simulacrum (D)
144 creatures vanquished.

Vanquished Creatures (others)
  Lom Lobon (D)
  Tiamat (D)
  2 ancient liches (D)
  2 greater mummies (D)
  the Lernaean hydra (D)
  Frederick (D)
  2 curse toes (D)
  A Killer Klown (D)
  Xtahua (D)
  Nikola (D)
  A pearl dragon (D)
  A bone dragon (D)
  A Brimstone Fiend (D)
  5 Tzitzimimeh (D)
  2 pandemonium lords (D)
  A hellephant (D)
  A tentacled monstrosity (D)
  3 Ice Fiends (D)
  6 Hell Sentinels (D)
  16 Orb Guardians (D)
  A lich (D)
  2 deep elf master archers (D)
  14 titans (D)
  An Executioner (D)
  An eldritch tentacle (D)
  2 sphinxes (D)
  A storm dragon (D)
  A draconian monk (D)
  Ilsuiw (D)
  An azure jelly (D)
  12 fire giants (D)
  A draconian knight (D)
  5 nagarajas (D)
  7 frost giants (D)
  3 deep elf sorcerers (D)
  Louise (D)
  6 balrugs (D)
  A cacodemon (D)
  2 angels (D)
  An orc warlord (D)
  A ghoul (D)
  A draconian scorcher (D)
  2 reapers (D)
  An ophan (D)
  6 stone giants (D)
  A spriggan defender (D)
  A deep elf demonologist (D)
  2 green draconians (D)
  A draconian annihilator (D)
  A yellow draconian (D)
  3 black draconians (D)
  4 red draconians (D)
  A lorocyproca (D)
  3 mottled draconians (D)
  A purple draconian (D)
  2 deep elf annihilators (D)
  An eidolon (D)
  4 white draconians (D)
  A deep elf death mage (D)
  9 ettins (D)
  5 blizzard demons (D)
  A mummy priest (D)
  2 death oozes (D)
  2 minotaurs (D)
  A deep elf high priest (D)
  2 yaktaur captains (D)
  2 great orbs of eyes (D)
  A rakshasa (D)
  3 vault guards (D)
  2 naga warriors (D)
  A death knight (D)
  A spriggan air mage (D)
  Sonja (D)
  3 merfolk avatars (D)
  A dancing weapon (D)
  An ogre mage (D)
  An iron elemental (D)
  A deep troll shaman (D)
  An orc high priest (D)
  A soul eater (D)
  5 iron trolls (D)
  2 deep elf knights (D)
  9 sun demons (D)
  9 hell knights (D)
  A wizard (D)
  9 hill giants (D)
  13 deep trolls (D)
  A jumping spider (D)
  10 orc knights (D)
  5 two-headed ogres (D)
  A necromancer (D)
  A deep elf mage (D)
  2 orc sorcerers (D)
  10 cyclopes (D)
  A wolf spider (D)
  4 sirens (D)
  A naga mage (D)
  A smoke demon (D)
  2 tormentors (D)
  2 hellions (D)
  A guardian mummy (D)
  A yaktaur (D)
  An efreet (D)
  An ice devil (D)
  9 trolls (D)
  6 red devils (D)
  A tyrant leech (D)
  A polar bear (D)
  3 merfolk (D)
  2 hornets (D)
  A bog body (D)
  A slime creature (D)
  A wyvern (D)
  3 redbacks (D)
  2 spriggans (D)
  A tarantella (D)
  A golden eye (D)
  A water moccasin (D)
  A floating eye (D)
  3 orc warriors (D)
  A large abomination (D)
  2 ogres (D)
  A crocodile (D)
  An orc priest (D)
  An orc wizard (D)
  16 ball lightnings (D)
  An orc (D)
  3 blocks of ice (D)
349 creatures vanquished.

Grand Total: 625 creatures vanquished

Notes
Turn   | Place    | Note
-------+----------+-------------------------------------------
     0 | D        | equalderp2856 the Felid Fighter began the quest for the Orb.
     0 | D        | Reached XP level 1. HP: 10/10 MP: 2/2
    24 | D        | Found a radiant altar of Vehumet.
    24 | D        | Found a hide-covered altar of Uskayaw.
    24 | D        | Found an ancient bone altar of Kikubaaqudgha.
    24 | D        | Found a viscous altar of Jiyva.
    24 | D        | Found a hazy altar of Hepliaklqana.
    25 | D        | Found a bloodstained altar of Trog.
    25 | D        | Found a deep blue altar of Sif Muna.
    25 | D        | Found a sacrificial altar of Ru.
    25 | D        | Found a stormy altar of Qazlal.
    25 | D        | Found an iron altar of Okawaru.
    25 | D        | Found a sparkling altar of Nemelex Xobeh.
    25 | D        | Found an opulent altar of Gozag.
    25 | D        | Found a blossoming altar of Fedhas.
    25 | D        | Found a white marble altar of Elyvilon.
    25 | D        | Found a shadowy altar of Dithmenos.
    25 | D        | Found a snail-covered altar of Cheibriados.
    26 | D        | Found a glowing golden altar of the Shining One.
    26 | D        | Found a glowing silver altar of Zin.
    28 | D        | Found a roughly hewn altar of Beogh.
    28 | D        | Found a burning altar of Makhleb.
    28 | D        | Found a basalt altar of Yredelemnul.
    29 | D        | Found a shattered altar of Ashenzari.
    29 | D        | Found a corrupted altar of Lugonu.
    29 | D        | Found a shimmering altar of Xom.
    31 | D        | Became a worshipper of Gozag Ym Sagoz the Greedy
   114 | D        | Reached skill level 5 in Unarmed Combat
   114 | D        | Reached XP level 2. HP: 14/14 MP: 3/3
   122 | D        | Reached skill level 1 in Stealth
   134 | D        | Reached skill level 5 in Dodging
   275 | D        | Reached XP level 3. HP: 15/18 MP: 4/4
   282 | D        | Reached skill level 6 in Unarmed Combat
   362 | D        | Noticed a big kobold
   362 | D        | Noticed a hungry ghost
   374 | D        | Reached skill level 7 in Unarmed Combat
   374 | D        | Reached XP level 4. HP: 12/22 MP: 5/5
   390 | D        | Killed a hungry ghost
   390 | D        | Reached skill level 5 in Fighting
   390 | D        | Reached skill level 9 in Unarmed Combat
   390 | D        | Reached XP level 5. HP: 17/26 MP: 6/6
   395 | D        | Reached skill level 10 in Unarmed Combat
   395 | D        | Gained mutation: You are covered in thick fur. (AC +2) [Felid growth]
   395 | D        | Reached XP level 6. HP: 16/31 MP: 7/7
   557 | D        | Noticed a cyclops
   559 | D        | Killed a cyclops
   559 | D        | Reached skill level 12 in Unarmed Combat
   559 | D        | Reached XP level 7. HP: 35/35 MP: 8/8
   582 | D        | Noticed an elephant
   591 | D        | Reached skill level 13 in Unarmed Combat
   602 | D        | Killed an elephant
   602 | D        | Reached skill level 10 in Dodging
   602 | D        | Reached XP level 8. HP: 28/40 MP: 9/9
   840 | D        | Noticed a hellwing
   864 | D        | Killed a hellwing
   864 | D        | Reached skill level 14 in Unarmed Combat
   876 | D        | Noticed an emperor scorpion
   888 | D        | Noticed a demonic crawler
   924 | D        | Killed a demonic crawler
  1118 | D        | Reached skill level 15 in Unarmed Combat
  1145 | D        | Killed an emperor scorpion
  1145 | D        | Reached skill level 10 in Stealth
  1145 | D        | Reached skill level 16 in Unarmed Combat
  1145 | D        | Reached XP level 9. HP: 45/45 MP: 10/10
  1146 | D        | Noticed a manticore
  1151 | D        | Noticed a hellwing
  1160 | D        | Killed a manticore
  1182 | D        | Noticed a spiny frog
  1183 | D        | Killed a hellwing
  1235 | D        | Noticed a deep troll
  1239 | D        | Noticed a black mamba
  1245 | D        | Killed a black mamba
  1253 | D        | Killed a spiny frog
  1253 | D        | Reached skill level 17 in Unarmed Combat
  1253 | D        | Reached XP level 10. HP: 49/49 MP: 11/11
  1274 | D        | Noticed a deep elf mage
  1274 | D        | Noticed a necromancer
  1276 | D        | Killed a necromancer
  1282 | D        | Killed a deep elf mage
  1328 | D        | Reached skill level 15 in Dodging
  1336 | D        | Noticed an orc sorcerer
  1338 | D        | Noticed an orc sorcerer
  1362 | D        | Noticed a smoke demon
  1364 | D        | Killed a smoke demon
  1420 | D        | Paralysed by an orc sorcerer for 2 turns
  1422 | D        | Noticed an orc high priest
  1449 | D        | Reached skill level 18 in Unarmed Combat
  1449 | D        | Killed an orc sorcerer
  1492 | D        | Noticed a death yak
  1512 | D        | Killed a deep troll
  1756 | D        | Noticed a smoke demon
  1770 | D        | Noticed Sonja
  1809 | D        | Killed a smoke demon
  1812 | D        | Killed Sonja
  1865 | D        | Noticed a molten gargoyle
  1888 | D        | Killed a molten gargoyle
  2071 | D        | Reached XP level 11. HP: 53/53 MP: 12/12
  2102 | D        | Noticed an unseen horror
  2102 | D        | Noticed a wizard
  2102 | D        | Noticed Gastronok
  2107 | D        | Killed an unseen horror
  2117 | D        | Noticed a deep elf annihilator
  2122 | D        | Noticed an ancient lich
  2123 | D        | Noticed a white draconian annihilator
  2124 | D        | Noticed a deep elf demonologist
  2124 | D        | Noticed a nagaraja
  2128 | D        | Noticed a deep elf annihilator
  2129 | D        | Noticed a nagaraja
  2133 | D        | Noticed a sphinx
  2135 | D        | Noticed a white draconian knight
  2136 | D        | Noticed a wizard
  2136 | D        | Killed an ogre mage
  2138 | D        | Killed a wizard
  2140 | D        | Banished a yellow draconian
  2141 | D        | Killed a sphinx
  2141 | D        | Reached skill level 19 in Unarmed Combat
  2143 | D        | Killed a deep elf death mage
  2143 | D        | Reached skill level 15 in Stealth
  2150 | D        | Killed a yellow draconian monk
  2177 | D        | Noticed an angel
  2177 | D        | Noticed a balrug
  2182 | D        | Noticed a war gargoyle
  2183 | D        | Noticed an ettin
  2194 | D        | Killed a deep elf sorcerer
  2195 | D        | Killed a stone giant
  2217 | D        | Killed a deep elf demonologist
  2234 | D        | Killed a deep elf high priest
  2235 | D        | Slain by an angel
  2236 | D        | Reached XP level 10. HP: -2/49 MP: 11/11
  2240 | D        | Killed a black draconian
  2248 | D        | Killed an angel
  2257 | D        | Noticed a hell knight
  2257 | D        | Noticed a hell knight
  2257 | D        | Noticed a hell knight
  2257 | D        | Noticed a hell knight
  2257 | D        | Noticed a hell knight
  2257 | D        | Noticed a necromancer
  2258 | D        | Noticed a vault guard
  2258 | D        | Noticed an orc knight
  2260 | D        | Killed a hell knight
  2264 | D        | Noticed a naga warrior
  2264 | D        | Noticed an orc knight
  2266 | D        | Noticed a wolf spider
  2266 | D        | Noticed a naga warrior
  2266 | D        | Noticed an orc knight
  2266 | D        | Noticed an orc knight
  2266 | D        | Noticed an orc knight
  2266 | D        | Noticed an orc knight
  2266 | D        | Noticed an orc warlord
  2266 | D        | Noticed an orc warlord
  2266 | D        | Noticed an orc knight
  2266 | D        | Noticed an orc knight
  2266 | D        | Noticed an orc knight
  2266 | D        | Noticed a deep elf knight
  2268 | D        | Noticed an orc knight
  2268 | D        | Noticed an orc knight
  2269 | D        | Noticed a rakshasa
  2269 | D        | Killed an orc warlord
  2272 | D        | Killed an orc knight
  2275 | D        | Killed a naga warrior
  2277 | D        | Killed an orc knight
  2281 | D        | Killed a necromancer
  2283 | D        | Killed a wolf spider
  2284 | D        | Killed a hell knight
  2285 | D        | Killed a deep elf annihilator
  2285 | D        | Killed an orc knight
  2289 | D        | Killed an orc knight
  2289 | D        | Killed a hell knight
  2293 | D        | Killed an orc knight
  2293 | D        | Killed an orc knight
  2295 | D        | Killed an orc knight
  2297 | D        | Killed a hell knight
  2298 | D        | Killed a hell knight
  2299 | D        | Killed an orc knight
  2446 | D        | Noticed a yaktaur captain
  2447 | D        | Noticed a deep elf knight
  2449 | D        | Noticed a yaktaur captain
  2450 | D        | Killed a deep elf knight
  2451 | D        | Noticed a frost giant
  2453 | D        | Killed a frost giant
  2453 | D        | Reached skill level 20 in Unarmed Combat
  2453 | D        | Reached XP level 11. HP: 40/53 MP: 12/12
  2467 | D        | Killed a rakshasa
  2766 | D        | Noticed a Tzitzimitl
  2857 | D        | Killed a death yak
  2918 | D        | Noticed an unseen horror
  2918 | D        | Noticed a ghoul
  2918 | D        | Noticed a deep elf mage
  2918 | D        | Noticed a spriggan rider
  2920 | D        | Noticed a death drake
  2926 | D        | Killed a vampire knight
  2934 | D        | Killed a death drake
  2936 | D        | Noticed an alligator snapping turtle
  2950 | D        | Noticed a vampire knight
  2950 | D        | HP: 1/79 [deep elf mage/shard of ice (28)]
  2953 | D        | Killed a deep elf mage
  2957 | D        | Noticed a lindwurm
  2957 | D        | Killed a vampire knight
  2957 | D        | Reached skill level 21 in Unarmed Combat
  2962 | D        | Killed a lindwurm
  2963 | D        | HP: 4/81 [alligator snapping turtle (33)]
  2967 | D        | Annihilated by an alligator snapping turtle
  2968 | D        | Reached XP level 10. HP: -31/75 MP: 11/11
  2988 | D        | Killed an alligator snapping turtle
  2993 | D        | Killed a merfolk avatar
  3007 | D        | Killed a merfolk avatar
  3045 | D        | Noticed a sun demon
  3048 | D        | Noticed a hill giant
  3048 | D        | Killed a sun demon
  3060 | D        | Killed a hill giant
  3060 | D        | Reached XP level 11. HP: 49/54 MP: 12/12
  3075 | D        | Killed an unseen horror
  3085 | D        | Killed an orc high priest
  3087 | D        | Killed an orc sorcerer
  3146 | D        | Killed a white draconian annihilator
  3184 | D        | Noticed a deep elf mage
  3221 | D        | Noticed a spriggan rider
  3221 | D        | Noticed an angel
  3221 | D        | Noticed a deep elf annihilator
  3221 | D        | Noticed an emperor scorpion
  3225 | D        | Killed a spriggan rider
  3238 | D        | Killed a deep elf knight
  3247 | D        | Killed an emperor scorpion
  3263 | D        | Got the ring of the Bull {rF++ rC+ Dex-2}
  3438 | D        | Noticed a spriggan defender
  3438 | D        | Noticed a lorocyproca
  3443 | D        | Noticed an eidolon
  3444 | D        | Noticed a death knight
  3452 | D        | Reached skill level 10 in Fighting
  3454 | D        | Noticed a swamp dragon
  3454 | D        | Reached skill level 22 in Unarmed Combat
  3456 | D        | Noticed a black draconian
  3457 | D        | Noticed a minotaur
  3458 | D        | Killed an eidolon
  3459 | D        | Noticed a great orb of eyes
  3459 | D        | Killed a swamp dragon
  3462 | D        | Noticed a sphinx
  3467 | D        | Noticed a sun demon
  3467 | D        | Noticed a bone dragon
  3469 | D        | Noticed a spriggan air mage
  3469 | D        | Noticed a deep elf sorcerer
  3469 | D        | Killed a sun demon
  3472 | D        | Killed Ilsuiw
  3476 | D        | Noticed a stone giant
  3476 | D        | Noticed a rakshasa
  3476 | D        | Noticed a bone dragon
  3480 | D        | Killed a rakshasa
  3481 | D        | Noticed a swamp dragon
  3482 | D        | Killed a bone dragon
  3485 | D        | Killed a death knight
  3486 | D        | Noticed a merfolk avatar
  3486 | D        | Noticed a spriggan rider
  3489 | D        | Noticed a nagaraja
  3497 | D        | Noticed a blizzard demon
  3500 | D        | Killed a merfolk avatar
  3510 | D        | Killed a swamp dragon
  3518 | D        | HP: 2/54 [poisoned by a swamp dragon (poison gas)]
  3519 | D        | Killed a nagaraja
  3519 | D        | Killed a deep elf sorcerer
  3525 | D        | Killed a storm dragon
  3532 | D        | Killed a spriggan rider
  3534 | D        | Killed a spriggan air mage
  3707 | D        | Killed a balrug
  3723 | D        | Killed a deep elf annihilator
  3728 | D        | Killed an orc knight
  3735 | D        | Killed an orc warlord
  3764 | D        | Killed an ettin
  3787 | D        | Killed a red draconian
  3801 | D        | Killed an ancient lich
  3807 | D        | Killed a bone dragon
  3829 | D        | Killed a soul eater
  3840 | D        | Killed a deep elf death mage
  3850 | D        | Killed a hell knight
  3861 | D        | Killed a vault guard
  3861 | D        | Killed a hell knight
  3869 | D        | Killed a deep elf sorcerer
  3873 | D        | Killed a white draconian knight
  3896 | D        | Killed an orc knight
  3943 | D        | Killed a war gargoyle
  3959 | D        | Killed Gastronok
  3974 | D        | Killed a deep elf mage
  4034 | D        | Got the amulet of Tempters {Gourm rPois Stlth+}
  4038 | D        | Got the amulet "Qecit" {-Tele +Rage Str+5 SInv}
  4044 | D        | Got the amulet of Vehumet's Hope {Faith Str+2}
  4063 | D        | Killed a sphinx
  4150 | D        | Noticed a war gargoyle
  4152 | D        | Noticed an azure jelly
  4162 | D        | Killed a war gargoyle
  4202 | D        | Killed an azure jelly
  4271 | D        | Noticed a green death
  4284 | D        | Killed a green death
  4334 | D        | Noticed a frost giant
  4349 | D        | Noticed a death knight
  4353 | D        | Killed a frost giant
  4353 | D        | Reached skill level 23 in Unarmed Combat
  4353 | D        | Gained mutation: Your thick and shaggy fur keeps you warm. (AC +3, rC+) [Felid growth]
  4353 | D        | Reached XP level 12. HP: 52/58 MP: 13/13
  4361 | D        | Killed a death knight
  4638 | D        | Noticed a storm dragon
  4644 | D        | Killed a storm dragon
  4653 | D        | Noticed a pearl dragon
  4661 | D        | Killed a pearl dragon
  4670 | D        | Noticed a frost giant
  4673 | D        | Noticed Niussulus the pandemonium lord
  4676 | D        | Noticed an iron elemental
  4684 | D        | Killed an iron elemental
  4863 | D        | Noticed a golden dragon
  4863 | D        | Noticed a hell beast
  4863 | D        | Noticed a Hell Sentinel
  4863 | D        | Noticed a merfolk impaler
  4863 | D        | Noticed a vault guard
  4866 | D        | Killed a vault guard
  4866 | D        | Killed a golden dragon
  4866 | D        | Killed a hell beast
  5004 | D        | Noticed an ophan
  5004 | D        | Noticed a mummy priest
  5005 | D        | Noticed a blizzard demon
  5025 | D        | Killed a mummy priest
  5026 | D        | Noticed a reaper
  5036 | D        | Noticed a deep elf master archer
  5038 | D        | Noticed an azure jelly
  5038 | D        | Noticed a great orb of eyes
  5039 | D        | Noticed an emperor scorpion
  5040 | D        | Killed a great orb of eyes
  5042 | D        | Killed an azure jelly
  5045 | D        | Killed an emperor scorpion
  5045 | D        | Reached skill level 24 in Unarmed Combat
  5046 | D        | Noticed an angel
  5047 | D        | Noticed a quicksilver dragon
  5048 | D        | Killed a deep elf blademaster
  5050 | D        | Killed a quicksilver dragon
  5051 | D        | Killed an angel
  5052 | D        | Noticed a mottled draconian
  5054 | D        | Noticed a bone dragon
  5059 | D        | Killed a deep elf master archer
  5061 | D        | Noticed Louise
  5066 | D        | Killed a bone dragon
  5066 | D        | Reached XP level 13. HP: 24/63 MP: 14/14
  5067 | D        | Noticed a titan
  5067 | D        | Noticed a green draconian
  5091 | D        | Killed Louise
  5161 | D        | Killed a mottled draconian
  5169 | D        | Killed a blizzard demon
  5174 | D        | Killed a green draconian
  5203 | D        | Killed a blizzard demon
  5221 | D        | Noticed a ghost moth
  5230 | D        | Killed a ghost moth
  5237 | D        | Killed a titan
  5290 | D        | Noticed a titan
  5311 | D        | Noticed a curse toe
  5313 | D        | Noticed Xtahua
  5315 | D        | Noticed an ophan
  5325 | D        | Killed an ophan
  5327 | D        | Killed Xtahua
  5332 | D        | Noticed a curse toe
  5338 | D        | Killed a white draconian
  5345 | D        | Noticed an apis
  5346 | D        | Killed an apis
  5456 | D        | Noticed a golden dragon
  5466 | D        | Killed a golden dragon
  5466 | D        | Reached skill level 25 in Unarmed Combat
  5469 | D        | Noticed a red draconian
  5608 | D        | Killed a red draconian
  5787 | D        | Noticed a balrug
  5819 | D        | Noticed a purple draconian
  5823 | D        | Noticed a death ooze
  5823 | D        | Noticed a lich
  5829 | D        | Killed a death ooze
  5852 | D        | Got the ring "Gaosch" {*Contam +Fly Dex+9 Slay+2 Stlth-}
  5854 | D        | Got the amulet of Temptation {Spirit rC- Str+5 Stlth+}
  5960 | D        | Noticed a nagaraja
  5960 | D        | Noticed a mummy priest
  5960 | D        | Noticed a fire giant
  5961 | D        | Noticed a red draconian
  5961 | D        | Noticed a quicksilver dragon
  5962 | D        | Noticed a reaper
  5966 | D        | Noticed a jiangshi
  5971 | D        | Killed a red draconian
  5973 | D        | Noticed a jiangshi
  5976 | D        | Noticed a blizzard demon
  5980 | D        | Killed a blizzard demon
  5981 | D        | Killed a quicksilver dragon
  5985 | D        | Killed a mummy priest
  5989 | D        | Killed a nagaraja
  6103 | D        | Noticed a balrug
  6103 | D        | Noticed an Orb Guardian
  6103 | D        | Noticed an Orb Guardian
  6103 | D        | Noticed an Orb Guardian
  6103 | D        | Noticed an Orb Guardian
  6104 | D        | Noticed a Tzitzimitl
  6108 | D        | Killed an Orb Guardian
  6117 | D        | Killed a balrug
  6117 | D        | Killed an Orb Guardian
  6117 | D        | Killed an Orb Guardian
  6119 | D        | Noticed an Orb Guardian
  6120 | D        | Killed an Orb Guardian
  6122 | D        | Killed an Orb Guardian
  6124 | D        | Noticed an ancient lich
  6130 | D        | Killed an ancient lich
  6131 | D        | Noticed an Orb Guardian
  6132 | D        | Killed an Orb Guardian
  6134 | D        | Noticed Mara
  6134 | D        | Killed an Orb Guardian
  6136 | D        | Noticed Mara
  6136 | D        | Noticed Mara
  6139 | D        | Your ally Niussulus died
  6145 | D        | Killed Mara
  6145 | D        | Reached skill level 26 in Unarmed Combat
  6242 | D        | Killed a purple draconian
  6396 | D        | Noticed an Orb Guardian
  6396 | D        | Noticed an Orb Guardian
  6396 | D        | Noticed an Orb Guardian
  6397 | D        | Noticed a mottled draconian
  6397 | D        | Noticed a red draconian
  6398 | D        | Noticed a tentacled monstrosity
  6398 | D        | Noticed Tiamat
  6398 | D        | Noticed a black draconian
  6398 | D        | Noticed a mottled draconian
  6398 | D        | Noticed a black draconian
  6398 | D        | Noticed an Ice Fiend
  6399 | D        | Noticed a mottled draconian
  6399 | D        | Noticed a titan
  6399 | D        | Noticed a red draconian
  6399 | D        | Noticed a white draconian
  6399 | D        | Noticed a black draconian
  6399 | D        | Noticed a green draconian
  6399 | D        | Noticed a white draconian
  6399 | D        | Noticed a purple draconian
  6399 | D        | Noticed a deep elf master archer
  6399 | D        | Noticed a Brimstone Fiend
  6399 | D        | Noticed a hellephant
  6399 | D        | Noticed a balrug
  6399 | D        | Noticed an Ice Fiend
  6400 | D        | Killed a mottled draconian
  6401 | D        | Noticed a white draconian
  6401 | D        | Killed a black draconian
  6401 | D        | Killed a quicksilver dragon
  6401 | D        | Killed a hellephant
  6402 | D        | Noticed an Orb Guardian
  6402 | D        | Killed a mottled draconian
  6402 | D        | Killed a white draconian
  6404 | D        | Noticed an Orb Guardian
  6404 | D        | Noticed an Orb Guardian
  6404 | D        | Killed a mottled draconian
  6404 | D        | Killed a white draconian
  6404 | D        | Killed an Orb Guardian
  6405 | D        | Killed a green draconian
  6406 | D        | Killed a red draconian
  6406 | D        | Killed an Orb Guardian
  6407 | D        | Noticed an ancient lich
  6407 | D        | Killed an Orb Guardian
  6407 | D        | Killed a Brimstone Fiend
  6408 | D        | Killed a titan
  6408 | D        | Killed an Orb Guardian
  6409 | D        | Killed a mottled draconian
  6410 | D        | Killed an ancient lich
  6411 | D        | Killed a black draconian
  6411 | D        | Killed a red draconian
  6412 | D        | Noticed an emperor scorpion
  6412 | D        | Killed a tentacled monstrosity
  6412 | D        | Killed a purple draconian
  6417 | D        | Killed a black draconian
  6420 | D        | Killed a white draconian
  6421 | D        | Killed a greater mummy
  6568 | D        | Killed a minotaur
  6856 | D        | Killed a lich
  6974 | D        | Killed a Killer Klown
  6974 | D        | Killed Nikola
  6975 | D        | Killed a greater mummy
  6983 | D        | Killed an Orb Guardian
  6985 | D        | Killed an Orb Guardian
  6992 | D        | Killed an azure jelly
  6995 | D        | Killed Tiamat
  7040 | D        | Got the ring of the Four Planets {rPois rF+ MR+ Int-2 Stlth+}
  7207 | D        | Noticed an Orb Guardian
  7207 | D        | Noticed an Orb Guardian
  7208 | D        | Noticed an Orb Guardian
  7208 | D        | Noticed a balrug
  7209 | D        | Noticed an Orb Guardian
  7210 | D        | Killed an Orb Guardian
  7211 | D        | Noticed an Orb Guardian
  7211 | D        | Noticed an Orb Guardian
  7211 | D        | Killed an Orb Guardian
  7212 | D        | Noticed a deep elf master archer
  7212 | D        | Noticed an electric golem
  7212 | D        | Noticed an Orb Guardian
  7212 | D        | Noticed an Orb Guardian
  7212 | D        | Noticed a pearl dragon
  7213 | D        | Noticed an Orb Guardian
  7213 | D        | Noticed an Orb Guardian
  7213 | D        | Killed an electric golem
  7214 | D        | Noticed a Hell Sentinel
  7214 | D        | Killed an Orb Guardian
  7214 | D        | Killed a pearl dragon
  7222 | D        | Killed an ettin
  7222 | D        | Reached XP level 14. HP: 67/67 MP: 15/15
  7224 | D        | Killed an Orb Guardian
  7226 | D        | Noticed a Tzitzimitl
  7226 | D        | Killed Julab the pandemonium lord
  7324 | D        | Killed an Orb Guardian
  7353 | D        | Killed an Orb Guardian
  7367 | D        | Noticed Mnoleg
  7368 | D        | Noticed Cerebov
  7377 | D        | Noticed a tentacled monstrosity
  7388 | D        | Noticed a pearl dragon
  7396 | D        | Mangled by a pearl dragon
  7397 | D        | Reached XP level 13. HP: -7/64 MP: 0/14
  7402 | D        | Killed an Orb Guardian
  7412 | D        | Killed an Orb Guardian
  7420 | D        | Killed an Orb Guardian
  7428 | D        | Killed an eldritch tentacle
  7448 | D        | Killed a Tzitzimitl
  7462 | D        | Bought the Compendium of Augmentations and Conjuration for 902 gold pieces
  7489 | D        | Learned a level 6 spell: Iron Shot
  7566 | D        | Noticed Ryonis the pandemonium lord
  7834 | D        | Noticed an ettin
  7834 | D        | Noticed a titan
  7834 | D        | Noticed an ettin
  7835 | D        | Noticed a stone giant
  7849 | D        | Reached skill level 1 in Spellcasting
  7849 | D        | Reached skill level 1 in Conjurations
  7849 | D        | Reached skill level 1 in Earth Magic
  7885 | D        | Killed an Ice Fiend
  7979 | D        | Killed an ophan
  8000 | D        | Got the cursed ring "Otifig Fosa" {EV-3 Int+7}
  8294 | D        | Killed a titan
  8294 | D        | Reached skill level 5 in Spellcasting
  8294 | D        | Reached skill level 5 in Conjurations
  8294 | D        | Reached skill level 5 in Earth Magic
  8328 | D        | Noticed an ettin
  8331 | D        | Killed a stone giant
  8339 | D        | Killed an ettin
  8544 | D        | Got a silver rune of Zot
  8623 | D        | Identified the Handbook of Torrid Combat Magic (You found it in the Dungeon)
  8946 | D        | Killed an Ice Fiend
  8965 | D        | Noticed an Executioner
  8968 | D        | Noticed an ancient lich
  8971 | D        | Noticed a Hell Sentinel
  8974 | D        | Noticed an iron dragon
  8976 | D        | Killed an iron dragon
  8979 | D        | Noticed a reaper
  9004 | D        | Noticed a stone giant
  9004 | D        | Noticed an ettin
  9004 | D        | Noticed a frost giant
  9004 | D        | Noticed a fire giant
  9004 | D        | Noticed a titan
  9004 | D        | Noticed a fire giant
  9004 | D        | Noticed a titan
  9004 | D        | Noticed a titan
  9004 | D        | Noticed a fire giant
  9004 | D        | Noticed an ettin
  9004 | D        | Noticed a stone giant
  9004 | D        | Noticed an ettin
  9004 | D        | Noticed a stone giant
  9004 | D        | Noticed a fire giant
  9004 | D        | Noticed a fire giant
  9004 | D        | Noticed an ettin
  9004 | D        | Noticed a frost giant
  9004 | D        | Noticed a fire giant
  9004 | D        | Noticed a fire giant
  9004 | D        | Killed an ettin
  9005 | D        | Noticed a fire giant
  9005 | D        | Noticed a titan
  9005 | D        | Killed an ettin
  9006 | D        | Killed a stone giant
  9007 | D        | Killed a stone giant
  9008 | D        | Killed a fire giant
  9011 | D        | Killed a titan
  9012 | D        | Killed a frost giant
  9012 | D        | Killed a titan
  9012 | D        | Killed a fire giant
  9013 | D        | Killed a titan
  9013 | D        | Killed a fire giant
  9014 | D        | Killed a stone giant
  9015 | D        | Killed a fire giant
  9017 | D        | Killed a fire giant
  9019 | D        | Noticed a titan
  9021 | D        | Noticed a titan
  9023 | D        | Killed a fire giant
  9025 | D        | Killed a titan
  9027 | D        | Noticed a fire giant
  9027 | D        | Noticed a titan
  9028 | D        | Noticed an ettin
  9028 | D        | Killed a titan
  9029 | D        | Noticed an ettin
  9031 | D        | Noticed an ettin
  9031 | D        | Killed an ettin
  9032 | D        | Killed a fire giant
  9032 | D        | Killed an ettin
  9035 | D        | Noticed a fire giant
  9036 | D        | Killed an ettin
  9038 | D        | Noticed a titan
  9038 | D        | Killed an ettin
  9038 | D        | Killed a fire giant
  9040 | D        | Noticed a titan
  9042 | D        | Noticed a fire giant
  9044 | D        | Noticed a stone giant
  9044 | D        | Killed a titan
  9046 | D        | Noticed a stone giant
  9047 | D        | Noticed a frost giant
  9047 | D        | Killed a fire giant
  9048 | D        | Noticed a fire giant
  9048 | D        | Noticed a frost giant
  9048 | D        | Killed a fire giant
  9049 | D        | Killed a stone giant
  9062 | D        | Killed a stone giant
  9069 | D        | Noticed an ettin
  9071 | D        | Noticed a fire giant
  9071 | D        | Noticed a titan
  9074 | D        | Killed a titan
  9074 | D        | Reached XP level 14. HP: 68/68 MP: 28/28
  9078 | D        | Noticed a frost giant
  9083 | D        | Noticed a stone giant
  9090 | D        | Killed a stone giant
  9091 | D        | Noticed a fire giant
  9091 | D        | Noticed a fire giant
  9091 | D        | Killed a fire giant
  9096 | D        | Noticed a titan
  9102 | D        | Killed a titan
  9102 | D        | Reached skill level 10 in Spellcasting
  9127 | D        | Killed a titan
  9127 | D        | Killed a titan
  9127 | D        | Reached skill level 10 in Earth Magic
  9132 | D        | Killed a Hell Sentinel
  9139 | D        | Noticed a frost giant
  9144 | D        | Reached skill level 10 in Conjurations
  9144 | D        | Killed a fire giant
  9149 | D        | Noticed a frost giant
  9190 | D        | Got the ring of Tinkastrutsi {+Fly rF+ Dex+3}
  9241 | D        | Got a golden rune of Zot
  9251 | D        | Got the ring "Zuqeitoe" {rC+ Slay+3}
  9269 | D        | Identified A Beginning Course on Witchcraft (You found it in the Dungeon)
  9298 | D        | Identified the Collected Works on Earthen Snow (You found it in the Dungeon)
  9448 | D        | HP: 3/68 [Cerebov/great blast of fire (65)]
 10145 | D        | Noticed a Tzitzimitl
 10152 | D        | Noticed a storm dragon
 10154 | D        | Killed a storm dragon
 10159 | D        | Noticed a cacodemon
 10163 | D        | Noticed an Ice Fiend
 10167 | D        | Noticed a Hell Sentinel
 10170 | D        | Noticed a storm dragon
 10172 | D        | Killed a storm dragon
 10178 | D        | Noticed the 27-headed Lernaean hydra
 10180 | D        | Killed the 27-headed Lernaean hydra
 10189 | D        | Noticed Frederick
 10189 | D        | Noticed a titan
 10189 | D        | Noticed a quicksilver dragon
 10191 | D        | Noticed Lom Lobon
 10191 | D        | Killed a quicksilver dragon
 10200 | D        | Noticed an electric golem
 10210 | D        | Killed an electric golem
 10216 | D        | Killed an Ice Fiend
 10222 | D        | Killed Frederick
 10275 | D        | Killed a Hell Sentinel
 10296 | D        | Noticed a balrug
 10313 | D        | Noticed a balrug
 10316 | D        | Noticed a Hell Sentinel
 10317 | D        | Noticed an electric golem
 10317 | D        | Noticed a purple draconian scorcher
 10319 | D        | Noticed a Tzitzimitl
 10320 | D        | Noticed a Hell Sentinel
 10328 | D        | Noticed Ummuargh the pandemonium lord
 10329 | D        | Killed a Hell Sentinel
 10329 | D        | Killed a Hell Sentinel
 10330 | D        | Noticed a nagaraja
 10335 | D        | Killed an electric golem
 10343 | D        | Killed a nagaraja
 10367 | D        | Killed Ummuargh the pandemonium lord
 10372 | D        | Killed a Tzitzimitl
 10389 | D        | Noticed an acid blob
 10399 | D        | Killed an acid blob
 10415 | D        | Killed a balrug
 10422 | D        | Noticed a Tzitzimitl
 10445 | D        | Noticed an acid blob
 10447 | D        | Noticed Hugan the pandemonium lord
 10448 | D        | Killed an acid blob
 10450 | D        | Noticed an acid blob
 10453 | D        | Engulfed by Lom Lobon's freezing vapour
 10454 | D        | Reached XP level 13. HP: -17/64 MP: 1/29
 10454 | D        | Killed an acid blob
 10462 | D        | Killed an electric golem
 10473 | D        | Killed a blizzard demon
 10483 | D        | Killed Lom Lobon
 10513 | D        | Killed a Tzitzimitl
 10585 | D        | Killed Ryonis the pandemonium lord
 10701 | D        | Killed an ancient lich
 10810 | D        | Noticed Mennas
 10825 | D        | Killed Mennas
 10864 | D        | Noticed an azure jelly
 10871 | D        | Killed an azure jelly
 10905 | D        | Noticed a lich
 10908 | D        | Noticed a death ooze
 10912 | D        | Killed a death ooze
 10933 | D        | Noticed the Royal Jelly
 10936 | D        | Noticed an azure jelly
 10936 | D        | Noticed an azure jelly
 10937 | D        | Noticed an azure jelly
 10937 | D        | Noticed a death ooze
 10937 | D        | Noticed an azure jelly
 10939 | D        | Killed an azure jelly
 10940 | D        | Noticed an azure jelly
 10940 | D        | Noticed a death ooze
 10941 | D        | Noticed an azure jelly
 10942 | D        | Noticed an acid blob
 10943 | D        | Noticed an acid blob
 10943 | D        | Killed an azure jelly
 10946 | D        | Killed an azure jelly
 10947 | D        | Killed a death ooze
 10950 | D        | Killed the Royal Jelly
 10950 | D        | Reached XP level 14. HP: 28/68 MP: 11/32
 10952 | D        | Killed an azure jelly
 10956 | D        | Killed an azure jelly
 10960 | D        | Killed an azure jelly
 10969 | D        | Killed an acid blob
 10970 | D        | Killed an acid blob
 10980 | D        | Your ally Hugan died
 11004 | D        | Killed an azure jelly
 11114 | D        | Killed an acid blob
 11191 | D        | Noticed a Hell Sentinel
 11192 | D        | Killed from afar by Cerebov

Skill      XL: |  1  2  3  4  5  6  7  8  9 10 11 12 13 14 |
---------------+-------------------------------------------+-----
Unarmed Combat | 5 7 9 10 12 13 16 17 20 23 24 26 | 26.9
Stealth        | 1 2 3 4 6 8 10 11 16 20 21 23 | 23.5
Dodging        | 5 7 8 9 10 13 14 17 21 22 23 | 23.9
Fighting       | 4 5 6 7 8 9 10 11 | 11.6
Spellcasting   | 13 11 | 13.5
Conjurations   | 13 11 | 13.4
Earth Magic    | 13 11 | 13.4

Action                   |  1- 3 |  4- 6 |  7- 9 | 10-12 | 13-15 || total
-------------------------+-------+-------+-------+-------+-------++-------
Melee: Unarmed           |    44 |    30 |   127 |   163 |    91 ||   455
       Bite              |     6 |     1 |    23 |    14 |    12 ||    56
       Punch             |     1 |     2 |    11 |    13 |    12 ||    39
Invok: Bribe Branch      |       |       |     1 |     2 |     8 ||    11
       Potion Petition   |       |       |       |     8 |       ||     8
       Call Merchant     |       |       |       |     5 |     2 ||     7
  Use: Potion            |     1 |     2 |     7 |     8 |    20 ||    38
       Scroll            |       |       |       |     2 |     3 ||     5
 Stab: Sleeping          |     2 |     2 |     2 |     9 |     4 ||    19
       Distracted        |       |       |       |     4 |     4 ||     8
  Eat: Chunk             |     5 |       |       |       |       ||     5
       Meat ration       |       |       |       |       |     2 ||     2
       Pizza             |       |       |       |       |     1 ||     1
Armor: Skin              |     1 |     1 |    10 |    21 |     9 ||    42
Dodge: Dodged            |    34 |    18 |   143 |   193 |   147 ||   535
